 Dungeon Crawl Stone Soup version 0.29-a0-474-gdfe5cd140f (webtiles) character file.

Game seed: 5634340256637902935

21 eooof the Grave Robber (level 2, 0/19 HPs)
             Began as a Mummy Necromancer on May 23, 2022.
             Slain by a quokka (4 damage)
             ... on level 3 of the Dungeon.
             The game lasted 00:05:53 (383 turns).

eooof the Grave Robber (Mummy Necromancer)           Turns: 383, Time: 00:05:56

Health: 0/19       AC:  2    Str: 11    XL:     2   Next: 62%
Magic:  1/6        EV: 12    Int: 14    God:
Gold:   44         SH:  0    Dex: 12    Spells: 6/7 levels left

rFire   x . .      SeeInvis .   b - +0 short sword
rCold   + . .      Faith    .   (no shield)
rNeg    + + +      Spirit   .   a - +0 robe
rPois   ∞          Reflect  .   (no helmet)
rElec   .          Harm     .   (no cloak)
rCorr   .          Rampage  .   (no gloves)
Will    .....                   (no boots)
Stlth   ++........              (no amulet)
HPRegen 0.06/turn               (no ring)
MPRegen 0.10/turn               (no ring)

@: no status effects
A: cold resistance 1, negative energy resistance 3, torment resistance 2, heat
vulnerability 1, no potions
a: no special abilities


You were on level 3 of the Dungeon.
You visited 1 branch of the dungeon, and saw 3 of its levels.

You collected 44 gold pieces.

Inventory:

Hand Weapons
 b - a +0 short sword (weapon)
 c - a +0 whip
 e - a +0 long sword
 h - a +0 mace
Missiles
 d - a stone
Armour
 a - a +0 robe (worn)
 f - a +0 leather armour
Scrolls
 g - a scroll of summoning {unknown}


   Skills:
 - Level 1.5 Dodging
 - Level 1.5 Stealth
 + Level 3.1 Spellcasting
 * Level 4.5 Necromancy


You had 6 spell levels left.
You knew the following spells:

 Your Spells              Type           Power      Damage    Failure   Level
a - Necrotize             Necr           60%        1d7       3%          1

Your spell library contained the following spells:

 Spells                   Type           Power      Damage    Failure   Level
 Vampiric Draining        Necr           15%        2d7       10%         3
 Animate Dead             Necr           15%        N/A       32%         4
 Agony                    Necr           15%        N/A       65%         5


Dungeon Overview and Level Annotations

Branches:
Dungeon (3/15)

Altars:


Innate Abilities, Weirdness & Mutations

You are immune to poison.
Your flesh is cold resistant. (rC+)
You are immune to negative energy. (rN+++)
You are immune to unholy pain and torment.
You are vulnerable to heat. (rF-)
You do not drink.


Message History

Your hobgoblin skeleton closely misses the quokka.
The orc hits you with a +0 club.
The orc priest looks braver for a moment.
Casting: Necrotize (safe; 3% risk of failure)
Confirm with . or Enter, or press ? or * to list all spells.
You don't have enough magic to cast this spell.
Unknown command.
Casting: Necrotize (safe; 3% risk of failure)
Confirm with . or Enter, or press ? or * to list all spells.
You don't have enough magic to cast this spell.
Unknown command.
Casting: Necrotize (safe; 3% risk of failure)
Confirm with . or Enter, or press ? or * to list all spells.
You don't have enough magic to cast this spell.
You closely miss the orc.
The orc is severely wounded.
Your bat skeleton hits the quokka but does no damage.
Your bat skeleton completely misses the quokka.
The quokka bites your bat skeleton.
Your bat skeleton is destroyed!
Your hobgoblin skeleton hits the quokka.
The ball python misses you. x2
An orc comes into view. It is wielding a +0 club.
The orc priest hits your hobgoblin skeleton with a +0 short sword.
The quokka attacks as you move away! The quokka closely misses you.
Your hobgoblin skeleton closely misses the quokka.
The orc hits you but does no damage. The orc hits you with a +0 club.
The quokka barely misses you.
The orc priest attacks as you move away!
The orc priest closely misses you. The quokka barely misses you.
Your hobgoblin skeleton hits the orc.
The orc closely misses you.
The orc priest looks encouraged for a moment.
The orc priest attacks as you move away!
The orc priest hits you with a +0 short sword.
* * * LOW HITPOINT WARNING * * *
The ball python attacks as you move away!
The ball python closely misses you.
Your hobgoblin skeleton crumbles into dust!
The quokka bites you.
You die...

#.# .. #.# #.# .. #.#
###########o# ..#
#.###...........###...
###............<..#...
#.............#...#.####.
###.#.###.##.##............
....#.<##.##.####ro.oS.....
######.##.##....@o..#..###
.##.#######So.# o# .##.#
#r..# .##.# #...# .. ......
## ##.###.. ..# ..# .... .#
### #


You could see 2 orc priests, 3 orcs, 2 quokkas and 2 ball pythons.

Vanquished Creatures
  An adder (D:2)
  A bat (D:3)
  A giant cockroach (D:1)
  A hobgoblin (D:3)
  2 jackals (D:3)
  2 kobolds (D:1)
  A frilled lizard (D:3)
  2 rats
11 creatures vanquished.

Notes
Turn   | Place    | Note
-------+----------+-------------------------------------------
     0 | D:1      | eooof the Mummy Necromancer began the quest for the Orb.
     0 | D:1      | Reached XP level 1. HP: 13/13 MP: 4/4
   316 | D:2      | Reached XP level 2. HP: 12/19 MP: 6/6
   383 | D:3      | Slain by a quokka

Illustrated notes

Levels and vault maps discovered:
D:1:      minmay_arrival_four_houses, layout_loops_corners
D:2:      cheibrodos_old_hovel, layout_basic,
          hellmonk_ecumenical_altar_inner_sanctum, wad_orctagon
D:3:      layout_loops_ring, mainiacjoe_overflow_alcove_4, uniq_natasha

Skill      XL: |  1 |
---------------+----+-----
Spellcasting   | 3 |  3.1
Dodging        | |  1.5
Stealth        | |  1.5
Necromancy     | |  4.5

Action                   || total
-------------------------++-------
Melee: Short sword       ||    16
       Unarmed           ||     2
 Cast: Necrotize         ||    19
  Use: Scroll            ||     2
Armor: Robe              ||     8
Dodge: Dodged            ||    33

Table legend: (Time is in decaauts)
 A = Elapsed time spent in this place.
 B = Non-inter-level travel time spent in this place.
 C = Inter-level travel time spent in this place.
 D = Time resting spent in this place.
 E = Time spent auto-exploring this place.
 F = Levels seen in this place.
 G = Mean time per level.
                   A        B        C        D        E       F      G
               +--------+--------+--------+--------+--------+-----+--------+
         Total |    383 |     98 |    285 |      0 |      0 |   3 |  127.7 |
       Dungeon |    383 |     98 |    285 |      0 |      0 |   3 |  127.7 |
               +--------+--------+--------+--------+--------+-----+--------+

Top non-repeatable levels by time:
     D:1: 301 daAuts
     D:3: 61 daAuts
     D:2: 20 daAuts
